 Dungeon Crawl Stone Soup version 0.29.0-13-gc9e81de378 (webtiles) character file.

Game seed: 5216389977476071489

8 Ofeo the Firebug (level 2, 0/20 HPs)
             Began as a Meteoran Fire Elementalist on Sept 9, 2022.
             Frozen to death by an endoplasm (1 damage)
             ... on level 2 of the Dungeon.
             The game lasted 00:01:11 (152 turns).

Ofeo the Firebug (Meteoran Fire Elementalist)        Turns: 152, Time: 00:01:11

Health: 0/20       AC:  2    Str:  9    XL:     2   Next: 29%
Magic:  3/6        EV: 12    Int: 16    God:
Gold:   28         SH:  0    Dex: 14    Spells: 5/6 levels left

rFire   . . .      SeeInvis .   (no weapon)
rCold   . . .      Faith    .   (no shield)
rNeg    . . .      Spirit   .   a - +0 robe
rPois   .          Reflect  .   (no helmet)
rElec   .          Harm     .   (no cloak)
rCorr   .          Rampage  .   (no gloves)
Will    .....                   (no boots)
Stlth   +.........              (no amulet)
HPRegen 0.06/turn               (no ring)
MPRegen 0.10/turn               (no ring)

@: hasted, glowing, very quick
A: sense surroundings 1, otherworldly, glowing, explore regen
a: no special abilities


You were on level 2 of the Dungeon.
You visited 1 branch of the dungeon, and saw 2 of its levels.

You collected 28 gold pieces.

Inventory:

Armour
 a - a +0 robe (worn)
Potions
 b - a potion of magic


   Skills:
 + Level 2.6 Dodging
 + Level 1.5 Stealth
 + Level 2.9 Spellcasting
 + Level 1.5 Conjurations
 + Level 3.7 Fire Magic


You had 5 spell levels left.
You knew the following spells:

 Your Spells              Type           Power      Damage    Failure   Level
a - Foxfire               Conj/Fire      40%        2x1d6     6%          1

Your spell library contained the following spells:

 Spells                   Type           Power      Damage    Failure   Level
 Scorch                   Fire           28%        2d6       6%          2
 Conjure Flame            Conj/Fire      10%        6-21      19%         3
 Inner Flame              Hex/Fire       8%         N/A       26%         3
 Dazzling Flash           Conj/Hex       8%         N/A       38%         3
 Flame Wave               Conj/Fire      10%        2d6       54%         4
 Agony                    Necr           2%         N/A       99%         5
 Silence                  Hex/Air        1%         N/A       99%         5


Dungeon Overview and Level Annotations

Branches:
Dungeon (2/15) Zot: 1048

Altars:

Annotations:
D:2 Terence


Innate Abilities, Weirdness & Mutations

You passively map a small area around you.
You are easily found by Zot.
You glow in the dark.
You regain HP and MP as you explore.


Message History

Okay, then.
The endoplasm jiggles.
A jackal comes into view.
The jackal closely misses you. The jackal bites you.
You take 2 damage, and have 16/20 hp.
The jackal closely misses you. The jackal barely misses you.
The jackal closely misses you. The jackal bites you.
You take 2 damage, and have 14/20 hp.
You aren't carrying any scrolls.
You aren't carrying any scrolls.
It was a potion of haste.
You feel yourself speed up. The jackal bites you.
The jackal bites you but does no damage. x2
The jackal bites you. The endoplasm barely misses you.
You take 2 damage, and have 12/20 hp.
You hit the jackal.
The jackal is heavily wounded.
The jackal closely misses you. The jackal bites you. x2
The jackal closely misses you.
You take 4 damage, and have 8/20 hp.
You hit the jackal but do no damage.
The jackal is heavily wounded.
The jackal barely misses you. The jackal bites you.
* * * LOW HITPOINT WARNING * * *
The jackal bites you but does no damage.
The jackal bites you.
* * * LOW HITPOINT WARNING * * *
The endoplasm freezes you.
You are frozen.
* * * LOW HITPOINT WARNING * * *
You take 5 damage, and have 3/20 hp.
MASSIVE DAMAGE!!
You closely miss the jackal.
The jackal is heavily wounded.
The jackal bites you but does no damage.
The jackal bites you.
* * * LOW HITPOINT WARNING * * *
The jackal barely misses you. x2
The endoplasm freezes you.
You are frozen.
You die...

, *##.......#.)......#
,<,*
###......<.......# * ,
* .###..........#*, ,
## ##.........# *
##.........#* * * ###
##..........#
....#####.............
* **
#.hhJ....###..#...., ,
*#..#@h@..## ..#.##. *
,#.., #h#...# ..# #, .
...#...# * .. *
###.....# , ......# *
#...... , ..#..... , ,
* ###.., , *


You could see Terence, an endoplasm and 4 jackals.

Vanquished Creatures
  An orc (D:2)
  A hobgoblin (D:1)
  A kobold (D:2)
  A bat (D:2)
  2 frilled lizards
  2 rats
8 creatures vanquished.

Vanquished Creatures (others)
  22 foxfires
22 creatures vanquished.

Grand Total: 30 creatures vanquished

Notes
Turn   | Place    | Note
-------+----------+-------------------------------------------
     0 | D:1      | Ofeo the Meteoran Fire Elementalist began the quest for the
                  | Orb.
     0 | D:1      | Reached XP level 1. HP: 14/14 MP: 5/5
   131 | D:2      | Noticed Terence
   134 | D:2      | Reached XP level 2. HP: 20/20 MP: 3/6
   152 | D:2      | HP: 1/20 [jackal (2)]
   152 | D:2      | Frozen to death by an endoplasm

Illustrated notes

Levels and vault maps discovered:
D:1:      psy_arrival_radial01, layout_basic,
          dreamdust_ecumenical_altar_angels_and_demons, minmay_quantized
D:2:      layout_rooms, uniq_terence

Action                   || total
-------------------------++-------
Melee: Unarmed           ||     3
 Cast: Foxfire           ||    13
  Use: Potion            ||     1
Armor: Robe              ||     4
Dodge: Dodged            ||    10
